 Dungeon Crawl Stone Soup version 0.29-a0-344-ge2f44be95a (webtiles) character file.

Game seed: 3464372089490468893

1775 spaghetti the Nimble (level 9, -7/58 (64) HPs)
             Began as a Barachi Fighter on Apr 21, 2022.
             Was a Plaything of Xom.
             Mangled by a sixfirhy (12 damage)
             ... summoned by Xom
             ... on level 6 of the Dungeon.
             The game lasted 00:08:43 (6024 turns).

spaghetti the Nimble (Barachi Fighter)              Turns: 6024, Time: 00:08:43

HP:   -7/58 (64)    AC: 12    Str: 20 (23) XL:     9   Next: 7%
MP:   9/9           EV: 13    Int:  7 (8)  God:    Xom [......]
Gold: 271           SH:  4    Dex: 10 (11) Spells: 8/8 levels left

rFire   . . .      SeeInvis .   a - +0 war axe {axe}
rCold   . . .      Faith    .   c - +0 buckler
rNeg    . . .      Spirit   .   m - +0 chain mail
rPois   +          Reflect  .   w - +2 hood of the Assassin {Detection Stab+ Stlth++}
rElec   .          Harm     .   r - +0 cloak
rCorr   +          Rampage  .   (no gloves)
Will    +....      Rage     1%  (no boots)
Stlth   ++........              (no amulet)
HPRegen 0.19/turn               f - +4 ring of evasion
MPRegen 0.11/turn               l - ring of Lacsisez {Will+ rCorr Str+4 Int-2}

@: drained, unable to read, slow
A: amphibious, slowness 1, strong legs 1, +LOS, berserk 1, deterioration 1,
mutation resistance 1, poison resistance, weak 1, inability to read while
threatened
a: Hop, Renounce Religion


You were on level 6 of the Dungeon.
You worshipped Xom.
You were a very special plaything of Xom.
You visited 1 branch of the dungeon, and saw 6 of its levels.

You collected 271 gold pieces.


Innate Abilities, Weirdness & Mutations

You are amphibious.
You cover ground slowly.
You can hop short distances.
You have an extended range of vision and can be seen from far away.
You tend to lose your temper in combat.
Your body sometimes deteriorates upon taking damage.
You are somewhat resistant to further mutation.
Your system is resistant to poisons. (rPois)
You are weak. (Str -2)
You sometimes lose the ability to read scrolls when taking damage.


   Skills:
 - Level 3.6 Fighting
 + Level 6.5 Axes
 - Level 3.6 Armour
 * Level 8.9 Dodging
 * Level 5.3 Stealth
 - Level 3.2 Shields


You had 8 spell levels left.
You didn't know any spells.
Your spell library contained the following spells:

 Spells                   Type           Power      Damage    Failure   Level
 Foxfire                  Conj/Fire      0%         2x1d4     99%         1
 Blink                    Tloc           0%         N/A       100%        2
 Conjure Flame            Conj/Fire      0%         6-21      100%        3
 Inner Flame              Hex/Fire       0%         N/A       100%        3
 Lesser Beckoning         Tloc           0%         N/A       100%        3
 Flame Wave               Conj/Fire      0%         2d4       100%        4
 Manifold Assault         Tloc           0%         N/A       100%        5

Inventory:

Hand Weapons
 a - a +0 war axe (weapon) {axe}
 A - a -3 executioner's axe {axerare=g}
   (You found it on level 5 of the Dungeon)
 C - a +5 battleaxe {axe}
   (You took it off a wight on level 6 of the Dungeon)
 D - a +3 dagger {short}
   (You took it off a wight on level 6 of the Dungeon)
 E - a +1 scimitar of distortion {!wlong}
   (You took it off a wight on level 6 of the Dungeon)
Missiles
 e - 224 stones (quivered) {throwing}
 F - 10 poisoned darts {throwing}
Armour
 b - a +0 scale mail
 c - a +0 buckler (worn)
 i - a +0 helmet
   (You found it on level 1 of the Dungeon)
 m - a +0 chain mail (worn)
   (You found it on level 2 of the Dungeon)
 r - a +0 cloak (worn)
   (You found it on level 3 of the Dungeon)
 w - the +2 hood of the Assassin (worn) {Detection Stab+ Stlth++}
   (You found it on level 4 of the Dungeon)

   It allows the wearer to sense nearby creatures.
   It allows the wearer to make particularly effective stabbing attacks against
   helpless or unaware enemies with any weapon.
   Stlth:     It makes you much more stealthy.
Jewellery
 f - a +4 ring of evasion (left hand)
   (You found it on level 1 of the Dungeon)
 l - the ring of Lacsisez (right hand) {Will+ rCorr Str+4 Int-2}
   (You found it on level 2 of the Dungeon)

   [ring of willpower]

   Str:       It affects your strength (+4).
   Int:       It affects your intelligence (-2).
   rCorr:     It protects you from acid and corrosion.
   Will:      It increases your willpower.
Wands
 x - a wand of acid (10)
   (You found it on level 5 of the Dungeon)
 K - a wand of iceblast (11)
   (You found it on level 6 of the Dungeon)
Scrolls
 g - a scroll of torment {unknown}
 k - 2 scrolls of fear {unknown}
 o - a scroll of silence {unknown}
 p - 2 scrolls of noise {unknown}
 s - 3 scrolls of teleportation {unknown}
 t - 3 scrolls of identify {unknown}
 v - 2 scrolls of magic mapping {unknown}
 y - a scroll of immolation {unknown}
 z - a scroll of amnesia {unknown}
 H - a scroll of enchant armour {unknown}
 I - a scroll of acquirement {unknown}
 J - a scroll of fog {unknown}
Potions
 d - 2 potions of might
 h - 2 potions of heal wounds {unknown}
 j - 2 potions of degeneration {!q@e2}
 n - a potion of flight {unknown}
 q - a potion of mutation {unknown}
 u - a potion of curing {unknown}
 B - a potion of cancellation {unknown}
 G - 2 potions of invisibility {unknown}

Dungeon Overview and Level Annotations

Branches:
Dungeon (6/15)             Temple (0/1) D:6

Altars:
Gozag
Kikubaaqudgha
Okawaru
Xom
The Shining One
Beogh

Shops:
D:3 !

Annotations:
D:3 3 runed translucent doors, Taurus's ghost, weakling FeSu
D:5 3 runed translucent doors, GiantGorg's ghost, novice DsMo

#..####.#........#
#.####..####.#.#####>.#
#............#.# #..#
######.).#####.# #..#
#...#)# #.# #..#
#.###)# #.# #..# # #5#
#.# ##..### #4# #.#
#...... #@#
#.####..>..# #3#
#......#.#.. #5#
######.#.##. #(#
#.#.##. #.# #.#.##. ...
## #.#.... ... .#
#.#..#. ... .# #......
#.# .# #.#....


You could see a rust devil (summoned), a sixfirhy (summoned), a shadow imp
(summoned) and an ufetubus (summoned).


Message History

😮 HP[+1]
You now have 56 max hp (+1).
A shadow imp comes into view.
Items here: ! ( )).
The shadow imp shouts!
You slash the gnoll!
You hear a shout!
An adder comes into view.
The gnoll hits you with a +0 whip. 😮 HP[-1]
You take 1 damage, and now have 38/56 hp.
The adder hisses angrily.
You hit the gnoll. The gnoll barely misses you.
The shadow imp shouts, "Quit, thou puking wibble-sucking lout!"
You hit the gnoll but do no damage.
The gnoll hits you with a +0 whip. 😮 HP[-2]
You take 2 damage, and now have 36/56 hp.
You hit the gnoll.
You kill the gnoll!
A gnoll comes into view. It is wielding a +0 halberd.
The shadow imp gestures at you.
You easily resist. 😮 HP[+1]
You now have 57 max hp (+1).
The shadow imp gestures at you.
You easily resist.
Things that are here:
a +0 whip {mace}; a stone {throwing} You hit the shadow imp.
The shadow imp misses you.
You slash the shadow imp!
You kill the shadow imp!
The adder bites you but does no damage.
You hit the adder. The adder barely misses you.
The adder bites you but does no damage. 😮 HP[+1]
You barely miss the adder. You block the gnoll's attack.
The adder bites you but does no damage. The gnoll completely misses you.
You slash the adder!
You kill the adder!
The gnoll hits you from afar with a +0 halberd. 😮 HP[-2]
You now have 58 max hp (+1).
You take 2 damage, and now have 36/58 hp.
You block the gnoll's attack.
Things that are here:
a stone {throwing}; an adder corpse You slash the gnoll!
You kill the gnoll! 😮 HP[+1]
e - 223 stones {throwing} (gained 1)
Things that are here:
a +0 halberd {polearm}; a gnoll corpse
e - 224 stones {throwing} (gained 1) Key pressed, stopping explore. "Fight to survive, mortal." 😕 HP[+17]
You regained 17 hp, and now have 54/58 hp.
Unknown command.
Unknown command.
You barely miss the shadow imp. You hit the ufetubus.
The sixfirhy hits you but does no damage.
The sixfirhy hits you! The sixfirhy shocks you!
You feel threatened and lose the ability to read scrolls!
The sixfirhy closely misses you. 😮 HP[-16]
You take 16 damage, and now have 38/58 hp.
MASSIVE DAMAGE!! (PAUSE) Unknown command.
You hit the rust devil but do no damage.
You completely miss the sixfirhy. The sixfirhy misses you.
You block the sixfirhy's attack.
You slash the rust devil! You miss the sixfirhy.
You block the rust devil's attack.
Unknown command.
Unknown command.
Unknown command.
You hit the rust devil but do no damage.
You miss the sixfirhy. The sixfirhy hits you. The sixfirhy shocks you!
* * * LOW HITPOINT WARNING * * *
You block the sixfirhy's attack. The rust devil hits you.
The sixfirhy hits you!
* * * LOW HITPOINT WARNING * * *
Your body deteriorates!
You feel weakened. The sixfirhy shocks you!
* * * LOW HITPOINT WARNING * * *
😱 HP[-32]
You take 32 damage, and now have 6/58 hp.
MASSIVE DAMAGE!! (PAUSE) Unknown command.
Okay, then.
You cannot read scrolls in your current state!
Unknown command.
Okay, then.
It was a potion of degeneration.
There was something very wrong with that liquid.
You feel weakened.
You feel dopey.
You feel clumsy. The sixfirhy hits you.
* * * LOW HITPOINT WARNING * * *
The sixfirhy shocks you!
You die...

Skill      XL: |  1  2  3  4  5  6  7  8 |
---------------+-------------------------+-----
Dodging        | 1 2 3 4 5 6 7 8 |  8.9
Axes           | 3 4 5 6 |  6.5
Stealth        | 3 5 |  5.3
Fighting       | |  3.6
Armour         | |  3.6
Shields        | |  3.2

Action                   |  1- 3 |  4- 6 |  7- 9 || total
-------------------------+-------+-------+-------++-------
Melee: War axe           |   100 |   132 |   233 ||   465
Throw: Stone             |    43 |       |    41 ||    84
  Use: Potion            |       |       |     2 ||     2
Armor: Scale mail        |    25 |       |       ||    25
       Chain mail        |    20 |    51 |   114 ||   185
Dodge: Dodged            |    68 |    90 |   218 ||   376
Block: Buckler           |    22 |    20 |    78 ||   120

Levels and vault maps discovered:
D:1:      minmay_arrival_shattered_statue, layout_basic,
          chequers_serial_rivers_small_a, hangedman_abyss_or_decor_lesser_grid
D:2:      layout_loops_cross, ebering_ecumenical_altar_rust, uniq_natasha
D:3:      layout_loops_ring, nicolae_overflow_crystal_walls,
          kiku_gazebo_pond_becter, nicolae_overflow_hidden_temple, serial_shops,
          nicolae_shop_temple_entry_statues_fountains,
          gammafunk_ghost_nasty_kobolds, hex_medium, grunt_decor_mini_mirrors,
          minivault_24
D:4:      layout_rooms
D:5:      old_forge, layout_loops_ring, mainiacjoe_overflow_surrounded_room,
          biasface_ghost_orc_armoury, corexii_hall_statues_x,
          uniq_prince_ribbit1
D:6:      layout_loops_ring, mainiacjoe_overflow_brackets,
          minmay_temple_entry_hall

Notes
Turn   | Place    | Note
-------+----------+-------------------------------------------
     0 | D:1      | spaghetti the Barachi Fighter began the quest for the Orb.
     0 | D:1      | Reached XP level 1. HP: 18/18 MP: 1/1
     0 | D:1      | magus.rc [v1.9.6]
   116 | D:1      | Reached skill level 1 in Dodging
   144 | D:1      | Reached XP level 2. HP: 24/24 MP: 2/2
   388 | D:1      | You pick up a book of Spatial Translocations and begin
                  | reading...
   388 | D:1      | You add the spells Blink, Lesser Beckoning and Manifold
                  | Assault to your library.
   470 | D:1      | Reached skill level 2 in Dodging
   943 | D:2      | Reached XP level 3. HP: 29/29 MP: 3/3
  1114 | D:2      | Identified the ring of Lacsisez {Will+ rCorr Str+4 Int-2}
  1369 | D:2      | Reached skill level 3 in Axes
  1481 | D:2      | Found a faded altar of an unknown god.
  1496 | D:2      | Noticed Natasha
  1503 | D:2      | Killed Natasha
  1504 | D:2      | Reached skill level 3 in Dodging
  1504 | D:2      | Reached XP level 4. HP: 33/36 MP: 4/4
  1695 | D:2      | Noticed Natasha
  1699 | D:2      | Killed Natasha
  1776 | D:3      | Reached skill level 4 in Dodging
  1776 | D:3      | Reached XP level 5. HP: 41/41 MP: 5/5
  1804 | D:3      | Found an ancient bone altar of Kikubaaqudgha.
  1880 | D:3      | Found Bicy's Distillery.
  1946 | D:3      | Found an opulent altar of Gozag.
  2031 | D:3      | Noticed a phantom
  2041 | D:3      | Killed a phantom
  2042 | D:3      | Reached skill level 4 in Axes
  2042 | D:3      | Reached skill level 5 in Dodging
  2042 | D:3      | Reached XP level 6. HP: 47/47 MP: 6/6
  2185 | D:3      | Noticed Taurus's ghost (weakling FeSu)
  2186 | D:3      | Found a runed translucent gate.
  2186 | D:3      | Found a runed translucent gate.
  2186 | D:3      | Found a runed translucent gate.
  2293 | D:3      | You pick up a book of Flames and begin reading...
  2293 | D:3      | You add the spells Foxfire, Conjure Flame, Inner Flame and
                  | Flame Wave to your library.
  2374 | D:3      | Found a shimmering altar of Xom.
  2517 | D:3      | Became a worshipper of Xom of Chaos
  2520 | D:3      | XOM: silly message
  2545 | D:3      | XOM: divination: magic mapping
  2585 | D:3      | XOM: silly message
  2783 | D:4      | XOM: silly message
  2861 | D:4      | Reached skill level 6 in Dodging
  2862 | D:4      | XOM: polymorph adder -> iguana
  2865 | D:4      | Reached XP level 7. HP: 41/52 MP: 7/7
  2955 | D:4      | XOM: cast spell 'Summon Cactus Giant'
  3042 | D:4      | Reached skill level 5 in Axes
  3172 | D:4      | Found the +2 hood of the Assassin {Detection Stab+ Stlth++}
  3210 | D:4      | XOM: give mutations
  3210 | D:4      | Gained mutation: Your body sometimes deteriorates upon
                  | taking damage. [Xom's mischief]
  3210 | D:4      | Gained mutation: You are somewhat resistant to further
                  | mutation. [Xom's mischief]
  3252 | D:4      | XOM: give mutations
  3252 | D:4      | Gained mutation: You are weak. (Str -2) [Xom's mischief]
  3252 | D:4      | Gained mutation: You sometimes lose the ability to read
                  | scrolls when taking damage. [Xom's mischief]
  3252 | D:4      | Gained mutation: Your system is resistant to poisons.
                  | (rPois) [Xom's mischief]
  3252 | D:4      | Gained mutation: You tend to lose your temper in combat.
                  | [Xom's mischief]
  3300 | D:5      | Entered Level 5 of the Dungeon
  3401 | D:5      | Found a runed translucent gate.
  3401 | D:5      | Found a runed translucent gate.
  3404 | D:5      | Noticed GiantGorg's ghost (novice DsMo)
  3406 | D:5      | Found a runed translucent gate.
  3406 | D:5      | Identified the +9 mace of Umesah {speed, SInv}
  3406 | D:5      | Identified the +1 chain mail "Rupt" {Dex+2}
  3505 | D:5      | XOM: torment (27/52 hp)
  3513 | D:5      | Reached skill level 1 in Stealth
  3675 | D:5      | XOM: blink monster(s)
  3724 | D:5      | Found an iron altar of Okawaru.
  3829 | D:5      | XOM: polymorph iguana -> swamp drake
  3847 | D:5      | Reached skill level 7 in Dodging
  3847 | D:5      | Reached skill level 2 in Stealth
  3894 | D:5      | Noticed Prince Ribbit
  3929 | D:5      | XOM: smoke on damage
  3931 | D:5      | XOM: swap monsters
  3933 | D:5      | Killed Prince Ribbit
  3934 | D:5      | Reached skill level 3 in Stealth
  3934 | D:5      | Reached XP level 8. HP: 44/59 MP: 8/8
  4312 | D:5      | XOM is BORED!
  4312 | D:5      | XOM: summons 2 hostile shadow creatures
  4368 | D:5      | XOM: 3-stop teleportation journey
  4454 | D:5      | XOM: draining
  4541 | D:5      | XOM: summons 5 hostile demons
  4542 | D:5      | Noticed a smoke demon
  4710 | D:5      | Reached skill level 6 in Axes
  4818 | D:5      | Reached skill level 8 in Dodging
  4818 | D:5      | Reached skill level 4 in Stealth
  4893 | D:5      | A - a -3 executioner's axe {axerare=g}
  5211 | D:6      | Found a glowing golden altar of the Shining One.
  5484 | D:6      | XOM: smoke on damage
  5555 | D:6      | Found a staircase to the Ecumenical Temple.
  5676 | D:6      | XOM: noise
  5687 | D:6      | XOM: 8-stop teleportation journey
  5688 | D:6      | Reached skill level 5 in Stealth
  5688 | D:6      | Reached XP level 9. HP: 39/64 MP: 9/9
  5829 | D:6      | XOM: draining
  6019 | D:6      | XOM: summons 4 hostile demons
  6020 | D:6      | Noticed a rust devil
  6020 | D:6      | Noticed a sixfirhy
  6023 | D:6      | HP: 6/58 [sixfirhy[Xom] (9)]
  6024 | D:6      | Mangled by a sixfirhy

Vanquished Creatures
  Prince Ribbit (D:5)
  A swamp drake (D:5)
  A black bear (D:5)
  A phantom (D:3)
  2 necrophages
  5 scorpions (D:5)
  6 wights (D:6)
  3 hounds
  An orc priest (D:3)
  A gnoll shaman (D:6)
  Natasha (twice) (D:2)
  3 iguanas (D:4)
  An orc wizard (D:4)
  5 gnolls (D:6)
  14 adders
  2 shadow imps (D:6)
  A white imp (D:4)
  2 ufetubi
  A worm (D:3)
  3 dart slugs
  7 orcs
  6 endoplasms
  3 giant cockroaches
  7 goblins
  5 hobgoblins
  9 jackals
  4 kobolds
  3 quokkas
  4 ball pythons
  8 bats
  3 frilled lizards
  6 rats
121 creatures vanquished.

Vanquished Creatures (collateral kills)
  2 orcs (D:4)
2 creatures vanquished.

Vanquished Creatures (others)
  7 fungi (D:5)
7 creatures vanquished.

Grand Total: 130 creatures vanquished

Table legend:
 A = Non-vault XP
 B = Vault XP
 C = Vault XP percentage of total XP
 D = Non-vault monster count
 E = Vault monster count
 F = Vault count percentage of total count
                 A         B        C        D         E       F
            +---------+---------+-------+---------+---------+-------
      Total |    1802 |     734 |  28.9 |     109 |      14 |  11.4
            +---------+---------+-------+---------+---------+-------
        D:1 |      29 |       0 |   0.0 |      15 |       0 |   0.0
        D:2 |      97 |      36 |  27.1 |      24 |       1 |   4.0
        D:3 |     334 |       0 |   0.0 |      18 |       0 |   0.0
        D:4 |     215 |       0 |   0.0 |      23 |       0 |   0.0
        D:5 |     501 |     698 |  58.2 |      11 |      13 |  54.2
        D:6 |     626 |       0 |   0.0 |      18 |       0 |   0.0
            +---------+---------+-------+---------+---------+-------

Illustrated notes

Table legend:
 A = Kills in this place as a percentage of kills in entire the game.
 B = Kills by you in this place as a percentage of kills by you in the entire game.
 C = Kills by friends in this place as a percentage of kills by friends in the entire game.
 D = Other kills in this place as a percentage of other kills in the entire game.
 E = Experience gained in this place as a percentage of experience gained in the entire game.
 F = Experience gained in this place divided by the number of levels of this place that you have seen.
                   A       B       C       D       E      F
               +-------+-------+-------+-------+-------+----------------------
         Total | 100.0 | 100.0 | 100.0 |   N/A | 100.0 | 422.7
       Dungeon | 100.0 | 100.0 | 100.0 |   N/A | 100.0 | 422.7
               +-------+-------+-------+-------+-------+----------------------

Table legend: (Time is in decaauts)
 A = Elapsed time spent in this place.
 B = Non-inter-level travel time spent in this place.
 C = Inter-level travel time spent in this place.
 D = Time resting spent in this place.
 E = Time spent auto-exploring this place.
 F = Levels seen in this place.
 G = Mean time per level.
                   A        B        C        D        E       F      G
               +--------+--------+--------+--------+--------+-----+--------+
         Total |   6920 |   6687 |    233 |    673 |   4821 |   6 | 1153.3 |
       Dungeon |   6920 |   6687 |    233 |    673 |   4821 |   6 | 1153.3 |
               +--------+--------+--------+--------+--------+-----+--------+

Top non-repeatable levels by time:
     D:5: 1960 daAuts
     D:1: 1089 daAuts
     D:3: 1072 daAuts
     D:6: 1025 daAuts
     D:2: 979 daAuts
     D:4: 794 daAuts
